 Dungeon Crawl Stone Soup version 0.23.0 (webtiles) character file.

Game seed: 936717438555280737

452 Masnef the Sneak (level 6, 0/30 HPs)
             Began as a Spriggan Skald on Feb 17, 2019.
             Killed from afar by an orc wizard (7 damage)
             ... with a magic dart
             ... on level 4 of the Dungeon.
             The game lasted 00:10:56 (4294 turns).

Masnef the Sneak (Spriggan Skald)                   Turns: 4294, Time: 00:10:56

Health: 0/30       AC:  2    Str:  7    XL:     6   Next: 75%
Magic:  10/13      EV: 20    Int: 16    God:
Gold:   256        SH:  0    Dex: 16    Spells: 7/13 levels left

rFire    + . .     SeeInvis +   i - +2 dagger (drain)
rCold    + . .     Gourm    .   (shield restricted)
rNeg     . . .     Faith    +   l - +0 robe {rF+}
rPois    .         Spirit   .   (helmet restricted)
rElec    .         Reflect  .   (no cloak)
rCorr    .         Harm     .   (gloves unavailable)
MR       +....                  (boots unavailable)
Stlth    +++.......             n - amulet of faith
HPRegen  0.10/turn              j - ring of protection from cold
MPRegen  0.13/turn              (no ring)

@: shrouded, infused, very quick
A: very small, unfitting armour, see invisible, herbivore, speed 3, slow
metabolism 2
a: no special abilities


You were on level 4 of the Dungeon.
You were not hungry.

You visited 1 branch of the dungeon, and saw 4 of its levels.
You also visited: Sewer.

You collected 256 gold pieces.

Inventory:

Hand Weapons
 a - a +0 short sword
 i - a +2 dagger of draining (weapon)
Armour
 b - a +0 robe
 l - a +0 robe of fire resistance (worn)
Magical Staves
 s - an uncursed staff of poison {unknown}
Jewellery
 j - a ring of protection from cold (left hand)
 n - an amulet of faith (around neck)
Scrolls
 c - a scroll of random uselessness
 e - a scroll of fog {unknown}
 f - 3 scrolls of remove curse
 g - a scroll of teleportation {unknown}
 h - a scroll of identify
Potions
 k - 2 potions of berserk rage
 m - a potion of heal wounds {unknown}
 o - a potion of flight {unknown}
 p - a potion of brilliance {unknown}
 q - a potion of cancellation {unknown}
 r - a potion of curing {unknown}
Comestibles
 d - 3 rations


   Skills:
 + Level 1.9 Fighting
 + Level 3.8 Short Blades
 + Level 4.8 Dodging
 + Level 6.3 Stealth
 * Level 4.0 Spellcasting
 - Level 5.0 Charms
 * Level 2.1 Necromancy


You had 7 spell levels left.
You knew the following spells:

 Your Spells              Type           Power        Failure   Level  Hunger
a - Infusion              Chrm           ###.         2%          1    None
b - Shroud of Golubria    Chrm/Tloc      ##........   9%          2    ##.....
c - Regeneration          Chrm/Necr      ##........   12%         3    ###....

Your spell library contained the following spells:

 Spells                   Type           Power        Failure   Level  Hunger
 Song of Slaying          Chrm           ###.....     3%          2    ##.....
 Spectral Weapon          Hex/Chrm       ##......     19%         3    ###....


Dungeon Overview and Level Annotations

Branches:
Dungeon (4/15)
 Temple: D:4-7

Altars:
Xom
Yredelemnul


Innate Abilities, Weirdness & Mutations

You are very small and have problems with some larger weapons.
You are too small for most types of armour.
You have supernaturally acute eyesight. (SInv)
You are a herbivore.
You cover ground extremely quickly.
You need to consume almost no food.


Message History

The orc wizard closely misses you.
You barely miss the orc wizard.
The orc wizard is heavily wounded.
The orc wizard casts a spell at you. The puff of frost misses you.
Your shroud bends the orc wizard's attack away.
You barely miss the orc wizard.
The orc wizard is heavily wounded.
The orc wizard points at you and mumbles some strange words.
The magic dart hits you!
The orc wizard gestures at you while chanting.
The puff of frost hits you. You resist.
* * * LOW HITPOINT WARNING * * *
The orc wizard gestures wildly while chanting.
The orc wizard seems to speed up.
There is a stone staircase leading up here.
The orc barely misses you. The orc wizard casts a spell at you.
The magic dart hits you!
You die...

#.........$..........#.........#
#.#....%........#†..............
#.....[.........##..............
#...............##..........#...
#...#..##............÷.###.##...
..? #..##......o..........<...##
.. #......#...oo.......).......
#...#.####..o...............
##....##.#.@.............##.
..........†......##)....#
##%##.$#..............##
#...#..............#
#.............##....
.#.............#
..................#
...#...(..........#
..###.........##(.##


You could see 3 orc wizards and an orc.

Vanquished Creatures
  A crocodile (Sewer)
  Dowan (D:4)
  A hound (D:4)
  2 orc wizards (D:3)
  Jessica (D:2)
  A worker ant (D:4)
  Robin (D:2)
  4 adders
  An ooze (D:4)
  2 worms (D:3)
  3 dart slugs
  6 leopard geckos
  12 orcs
  10 bats
  3 giant cockroaches (D:1)
  17 goblins
  14 hobgoblins
  5 jackals
  2 quokkas (D:4)
  A ball python (D:4)
  2 frilled lizards
  11 kobolds
  A leopard gecko skeleton (D:4)
  10 rats
112 creatures vanquished.

Notes
Turn   | Place    | Note
-------+----------+-------------------------------------------
     0 | D:1      | Masnef the Spriggan Skald began the quest for the Orb.
     0 | D:1      | Reached XP level 1. HP: 10/10 MP: 5/5
    21 | D:1      | Reached skill level 1 in Stealth
    26 | D:1      | Reached skill level 2 in Stealth
    77 | D:1      | Reached XP level 2. HP: 9/14 MP: 6/6
    79 | D:1      | Reached skill level 3 in Stealth
    83 | D:1      | Learned a level 2 spell: Shroud of Golubria
   720 | D:1      | Reached skill level 4 in Stealth
  1035 | D:1      | Reached XP level 3. HP: 16/18 MP: 8/8
  1223 | D:1      | Learned a level 3 spell: Regeneration
  1589 | D:2      | Noticed Jessica
  1597 | D:2      | Killed Jessica
  1597 | D:2      | Reached skill level 5 in Stealth
  1597 | D:2      | Reached XP level 4. HP: 22/22 MP: 9/9
  1761 | D:2      | Noticed Robin
  1934 | D:2      | Killed Robin
  1951 | D:2      | Reached skill level 1 in Necromancy
  2459 | D:2      | Found a basalt altar of Yredelemnul.
  2460 | D:2      | Found a shimmering altar of Xom.
  2741 | D:3      | Reached XP level 5. HP: 2/26 MP: 4/10
  3060 | D:3      | Reached skill level 5 in Charms
  3502 | D:3      | Found a glowing drain.
  3508 | Sewer    | Entered a sewer
  3559 | Sewer    | Noticed a crocodile
  3721 | Sewer    | Killed a crocodile
  3721 | Sewer    | Reached skill level 6 in Stealth
  3721 | Sewer    | Reached XP level 6. HP: 26/30 MP: 1/12
  3994 | D:4      | Noticed Dowan
  4032 | D:4      | Killed Dowan
  4294 | D:4      | Killed from afar by an orc wizard

Skill      XL: |  1  2  3  4  5  6 |
---------------+-------------------+-----
Stealth        | 2 4 5 6 |  6.3
Necromancy     | 1 2 |  2.1
Short Blades   | 3 |  3.8
Dodging        | 4 |  4.8
Charms         | 5 |  5.0
Spellcasting   | 3 4 |  4.0
Fighting       | |  1.9

Action                   |  1- 3 |  4- 6 || total
-------------------------+-------+-------++-------
Melee: Short sword       |    87 |       ||    87
       Dagger            |    18 |   273 ||   291
 Cast: Shroud of Golubri |     4 |    12 ||    16
       Infusion          |     1 |    12 ||    13
       Regeneration      |       |     4 ||     4
  Use: Scroll            |       |     4 ||     4
 Stab: Sleeping          |    10 |     9 ||    19
       Distracted        |       |     1 ||     1
  Eat: Ration            |       |     2 ||     2
Armor: Robe              |    13 |    24 ||    37
Dodge: Dodged            |    95 |   235 ||   330
